AoeStats
← Recycle your waste

Arena

507664870Analyzed
4v4 RM · 15d ago on Sep 19, 2026· 28m 23s· 8 players
Game mode
Random Map
Map size
Large (8 player)
Population
200
Speed
Normal
Resources
Standard
Victory
Conquest
Starting age
Dark Age
Ending age
Imperial Age
RankedLock teamsTeams togetherTeam positionsShared explorationLock speedFull tech treeHidden civsTurbo modeCheats
Victory
Defeat
🇲🇽 Spanish · Mexico
1285
+7
🇲🇽 Persians · Mexico
1088
+14
🇲🇽 Turks · Mexico
1040
+16
🇨🇳 Franks · China
858
+46
🇨🇳 Franks · China
1059
-16
🇷🇺 Turks · Russia
1047
-15
🇲🇽 Gurjaras · Mexico
1037
-15
🇨🇳 Franks · China
995
-13
dantealhz
0:32 Loom
12:00 Feudal Age
17:14 Castle Age
15:53 Double-Bit Axe
16:18 Horse Collar
19:00 Fervor
23:34 Wheelbarrow
22:45 Town Watch
23:04 Heavy Plow
23:36 Bow Saw
胡塞武装
0:31 Loom
9:56 Feudal Age
10:45 Double-Bit Axe
14:15 Wheelbarrow
21:51 Castle Age
19:45 Gold Mining
19:48 Stone Mining
20:18 Fletching
20:29 Padded Archer Armor
23:19 Bow Saw
ydyk123
10:34 Feudal Age
11:25 Double-Bit Axe
15:36 Castle Age
15:00 Loom
17:52 Bow Saw
Recycle your waste
11:48 Feudal Age
16:32 Castle Age
22:09 Imperial Age
オンドリ
11:46 Feudal Age
16:15 Castle Age
15:18 Gold Mining
15:15 Double-Bit Axe
20:27 Imperial Age
26:21 Wheelbarrow
Lord_Farquaad
2:52 Loom
10:32 Feudal Age
15:57 Castle Age
14:22 Double-Bit Axe
14:32 Horse Collar
18:30 Bow Saw
18:21 Heavy Plow
23:35 Gold Mining
23:55 Scale Barding Armor
垃圾桶
11:12 Feudal Age
14:59 Castle Age
13:24 Double-Bit Axe
13:20 Horse Collar
16:44 Loom
22:29 Padded Archer Armor
25:26 Gold Mining
27:26 Wheelbarrow
26:37 Town Watch
游戏三
15:17 Feudal Age
18:53 Wheelbarrow
18:05 Double-Bit Axe
20:29 Castle Age
24:15 Hand Cart
Connection lost

Rejoining the realm…

Still unreachable

The connection could not be restored.

Session expired

The server has moved on; the page needs a fresh start.